Map: Orbital Shipyard

Players

GLHF - Winner!

  • Race: Terran Terran
  • League: Gold

BigLou

  • Race: Terran Terran
  • League: Silver

VOD

Have the link to the VOD?

Description

Time

  • Played on: Nov. 21, 2015, 2:40 a.m.
  • Length: 7:39
Show
View Real Time Build Order
Export as new Build Order

GLHF Terran - Winner!

Build Orders:  

Get SALT Encoding   

  12  0:00  SCV  
  13  0:13  SCV  
  14  0:25  SCV  
  15  0:37  Supply Depot  
  15  0:47  Refinery  
  15  0:58  SCV  
  15  1:01  Barracks  
  16  1:10  SCV  
  17  1:15  Barracks  
  17  1:22  SCV  
  18  1:28  Refinery  
  18  1:55  Barracks Tech Lab  
  18  2:01  Orbital Command  
  18  2:10  Command Center, Barracks Reactor  
  18  2:17  Marauder  
  20  2:29  Stimpack  
  19  2:33  SCV  
  20  2:43  Marauder  
  22  2:48  SCV  
  23  3:03  Supply Depot  
  23  3:07  Supply Depot  
  23  3:19  Engineering Bay  
  23  3:21  Marine x2  
  23  3:22  Marauder  
  27  3:28  Factory  
  27  3:37  SCV  
  27  3:39  Marine x2  
  30  3:55  Marauder  
  32  3:57  Marine x2  
  34  4:07  Missile Turret  
  34  4:12  Missile Turret  
  34  4:14  Terran Infantry Weapons Level 1  
  34  4:25  Starport  
  34  4:26  Marine  
  34  4:31  SCV  
  36  4:39  SCV  
  39  4:45  Marauder  
  39  4:47  Marine x2  
  41  4:52  Widow Mine  
  41  4:55  SCV x2  
  45  5:16  Barracks Reactor  
  45  5:19  Marauder  
  45  5:20  Medivac  
  49  5:30  Medivac  
  49  5:33  SCV x2  
  53  5:36  Missile Turret  
  53  5:37  Refinery  
  53  5:41  Missile Turret  
  53  5:45  SCV  
  54  5:53  Supply Depot  
  54  5:58  Factory Tech Lab  
  54  6:03  Missile Turret  
  54  6:15  SCV x2, Marine x3  
  54  6:17  Supply Depot  
  59  6:22  Liberator  
  59  6:27  SCV  
  60  6:32  Marine x2  
  60  6:35  Supply Depot  
  60  6:39  SCV  
  66  6:47  Marine  
  66  6:50  Siege Tank  
  70  6:55  Supply Depot  
  70  6:57  SCV x2, Marine  
Show
View Real Time Build Order
Export as new Build Order

BigLou Terran 

Build Orders: MMM Bio 

Get SALT Encoding   

  12  0:01  SCV  
  13  0:13  SCV  
  14  0:24  Supply Depot  
  14  0:26  SCV  
  15  0:43  Refinery  
  15  0:50  Barracks  
  15  0:53  SCV  
  16  1:05  SCV  
  17  1:18  SCV  
  18  1:24  Command Center  
  18  1:37  Orbital Command  
  18  1:39  Marine  
  19  1:53  Refinery  
  19  1:58  Marine  
  20  2:08  Supply Depot  
  20  2:16  SCV  
  21  2:22  Factory  
  21  2:25  Barracks Tech Lab  
  21  2:28  SCV  
  22  2:42  SCV x2  
  24  2:54  SCV x2  
  24  2:58  Marauder  
  28  3:06  SCV  
  28  3:11  Factory Tech Lab  
  29  3:17  Starport  
  29  3:19  Marauder  
  31  3:37  SCV  
  31  3:40  Marine  
  33  3:43  SCV  
  34  3:49  SCV  
  34  3:50  Siege Tank  
  34  3:55  SCV  
  39  3:58  Marine  
  39  3:59  Stimpack  
  39  4:01  SCV  
  41  4:07  SCV  
  41  4:09  Refinery  
  42  4:11  Starport Tech Lab  
  42  4:13  SCV  
  42  4:15  Marine  
  44  4:19  SCV  
  45  4:25  SCV  
  45  4:26  Refinery  
  46  5:01  Supply Depot  
  46  5:03  Supply Depot  
  46  5:05  Supply Depot  
  46  5:07  Supply Depot  
  46  5:14  Cloaking Field  
  46  5:22  Marine  
  46  5:23  SCV x2, Medivac  
  46  5:28  Barracks  
  51  5:30  Barracks  
  51  5:35  SCV  
  52  5:37  Orbital Command  
  52  5:39  Barracks  
  52  5:40  Marine  
  53  5:52  Banshee  
  56  5:58  Marine  
  57  6:11  Combat Shields  
  57  6:16  Marine  
  58  6:24  Marine  
  59  6:26  Marine  
  60  6:34  Marine  
  60  6:35  Banshee  
  64  6:41  Engineering Bay  
  64  6:42  Marine  
  64  6:44  Marine  
  66  6:52  Marine  
  67  7:00  Marine  
  68  7:01  Marine  
  69  7:10  Marauder  
  71  7:18  Marine  
  71  7:19  Marine  
Tags
 
Composition
MMM Bio
Matchup
TvT
Race
Terran
Add a new tag
Caveats
  • Supply blocks, unpowered buildings, or Contaminate may cause inaccurate times.
  • Supply counts are checked every 10 seconds.